 Dungeon Crawl Stone Soup version 0.24-a0-525-g9231cdc (webtiles) character file.

Game seed: 17601797134032612612

32 Faca the Poker (level 3, -1/29 HPs)
             Began as a Merfolk Gladiator on Aug 4, 2019.
             Slain by Natasha (6 damage)
             ... on level 2 of the Dungeon.
             The game lasted 00:01:26 (1064 turns).

Faca the Poker (Merfolk Gladiator)                  Turns: 1064, Time: 00:01:26

Health: -1/29      AC:  4    Str: 14    XL:     3   Next: 25%
Magic:  3/3        EV: 14    Int:  7    God:
Gold:   145        SH:  0    Dex: 16    Spells: 2/2 levels left

rFire    . . .     SeeInvis .   a - +0 trident
rCold    . . .     Gourm    .   (no shield)
rNeg     . . .     Faith    .   b - +0 leather armour
rPois    .         Spirit   .   c - +0 helmet
rElec    .         Reflect  .   (no cloak)
rCorr    .         Harm     .   (no gloves)
MR       .....                  (no boots)
Stlth    +.........             (no amulet)
HPRegen  0.09/turn              (no ring)
MPRegen  0.08/turn              (no ring)

@: no status effects
A: change form in water, swift swim, stealthy swim
a: no special abilities


You were on level 2 of the Dungeon.
You were hungry.

You visited 1 branch of the dungeon, and saw 2 of its levels.

You collected 145 gold pieces.

Inventory:

Hand Weapons
 a - a +0 trident (weapon)
Missiles
 d - 3 throwing nets (quivered)
 h - 7 javelins
Armour
 b - a +0 leather armour (worn)
 c - a +0 helmet (worn)
Scrolls
 i - 2 scrolls of enchant weapon {unknown}
 j - a scroll of random uselessness {unknown}
Potions
 e - a potion of ambrosia {unknown}
 g - 2 potions of might {unknown}
Comestibles
 f - 2 rations


   Skills:
 + Level 3.2 Fighting
 + Level 5.4 Polearms
 - Level 2.0 Throwing
 - Level 4.0 Dodging


You had 2 spell levels left.
You didn't know any spells.
Your spell library contained the following spells:

 Spells                   Type           Power        Failure   Level  Hunger
 Animate Skeleton         Necr           N/A          52%         1    ##.....
 Apportation              Tloc           #.....       52%         1    ##.....
 Confusing Touch          Hex            #.....       52%         1    ##.....
 Summon Small Mammal      Summ           #...         52%         1    ##.....


Dungeon Overview and Level Annotations

Branches:
Dungeon (2/15)

Altars:

Annotations:
D:2 Natasha


Message History

Natasha mumbles some strange words.
You closely miss Natasha.
Natasha is heavily wounded.
Natasha claws you.
You miss Natasha.
Natasha is heavily wounded.
The crimson imp disappears in a puff of smoke!
Natasha misses you.
You are feeling hungry.
You hit Natasha.
Natasha is almost dead.
Natasha completely misses you.
You barely miss Natasha.
Natasha is almost dead.
Natasha claws you.
* * * LOW HITPOINT WARNING * * *
You closely miss Natasha.
Natasha is almost dead.
Natasha claws you.
You die...

#... ..... #.....
.... #..... ...##
### .... .... $.
... ..##.#### #.#
#.#.....##
#.#######.#.......
##>.....@h5.†......
#...#.####.....#.##
#.#.#†# ####..#
#.#.#.# ..# #.#.#.#
## #.#.#.# #.#.#.#
#.#.#.# #.#.#.#


You could see an iron imp and Natasha.

Vanquished Creatures
  An adder (D:2)
  A dart slug (D:1)
  A leopard gecko (D:1)
  2 bats (D:1)
  A giant cockroach (D:1)
  3 goblins (D:1)
  2 hobgoblins (D:1)
  2 jackals (D:2)
  A frilled lizard (D:2)
  A kobold (D:1)
  5 rats (D:1)
20 creatures vanquished.

Vanquished Creatures (others)
  4 toadstools (D:1)
4 creatures vanquished.

Grand Total: 24 creatures vanquished

Notes
Turn   | Place    | Note
-------+----------+-------------------------------------------
     0 | D:1      | Faca the Merfolk Gladiator began the quest for the Orb.
     0 | D:1      | Reached XP level 1. HP: 16/16 MP: 1/1
   396 | D:1      | Reached XP level 2. HP: 23/23 MP: 2/2
   425 | D:1      | Reached skill level 5 in Polearms
  1036 | D:2      | Noticed Natasha
  1040 | D:2      | Reached XP level 3. HP: 27/29 MP: 3/3
  1064 | D:2      | Slain by Natasha

Levels and vault maps discovered:
D:1:      minmay_arrival_solitary_statue, layout_basic,
          minmay_gold_behind_fungi, st_stairs_8, hex_tiny, minmay_misc_feat_x,
          minmay_hedge_maze
D:2:      layout_basic, okawaru_ov_weapons_minmay,
          nemelex_xobeh_ov_fountains_minmay, uniq_natasha

Skill      XL: |  1  2 |
---------------+-------+-----
Polearms       | 5 |  5.4
Fighting       | 3 |  3.2
Throwing       | |  2.0
Dodging        | |  4.0

Action                   || total
-------------------------++-------
Melee: Trident           ||    71
 Stab: Sleeping          ||     1
Armor: Leather armour    ||     7
Dodge: Dodged            ||    35

Table legend:
 A = Non-vault XP
 B = Vault XP
 C = Vault XP percentage of total XP
 D = Non-vault monster count
 E = Vault monster count
 F = Vault count percentage of total count
                 A         B        C        D         E       F
            +---------+---------+-------+---------+---------+-------
      Total |      42 |       4 |   8.7 |      18 |       2 |  10.0
            +---------+---------+-------+---------+---------+-------
        D:1 |      24 |       4 |  14.3 |      14 |       2 |  12.5
        D:2 |      18 |       0 |   0.0 |       4 |       0 |   0.0
            +---------+---------+-------+---------+---------+-------
